 Dungeon Crawl Stone Soup version 0.30-a0-672-gc3a7216ad8 (webtiles) character file.

Game seed: 13634786657389772319

6055 wormed the Changer (level 10, 0/82 HPs)
             Began as an Octopode Transmuter on Jan 18, 2023.
             Was an Initiate of Gozag.
             Succumbed to a killer bee's poison
             ... on level 9 of the Dungeon.
             The game lasted 00:11:44 (8895 turns).

wormed the Changer (Octopode Transmuter)            Turns: 8895, Time: 00:11:45

Health: 0/82       AC:  8    Str: 10    XL:     10   Next: 87%
Magic:  20/20      EV: 12    Int: 20    God:    Gozag
Gold:   239        SH:  0    Dex: 12    Spells: 16/23 levels left

rFire   . . .      SeeInvis .      - Unarmed
rCold   + + .      Faith    .    (shield currently unavailable)
rNeg    . . .      Spirit   .    (helmet currently unavailable)
rPois   +          Reflect  .    (no amulet)
rElec   .          Harm     .    h - ring of fire
rCorr   .          Rampage  .    k - +4 ring of slaying
Will    .....                    (no ring)
Stlth   +                        (no ring)
HPRegen 0.33/turn                (no ring)
MPRegen 0.17/turn                (no ring)
                                 (no ring)
                                 (no ring)

@: mighty, lethally poisoned (0 -> -8), ice-form, wereblooded, gold aura,
attractive, studying Maces & Flails
A: freezing attack, boosted hp, almost no armour, amphibious, 8 rings, large,
(camouflage 1), (gelatinous body 1), (nimble swimmer 1), (tentacles)
a: End Transformation, Renounce Religion, Potion Petition, Call Merchant, Bribe
Branch


You were on level 9 of the Dungeon.
You worshipped Gozag.
Gozag was aware of your devotion.
You were a creature of crystalline ice.
You visited 2 branches of the dungeon, and saw 10 of its levels.

You collected 1016 gold pieces.
You paid 777 gold pieces to Gozag.

Inventory:

Missiles
 l - 2 throwing nets
Jewellery
 h - a ring of fire (left front paw)
 k - a +4 ring of slaying (right front paw)
Scrolls
 a - 4 scrolls of fog
 d - a scroll of enchant armour
 e - a scroll of teleportation
Potions
 b - a potion of might
 g - 2 potions of attraction
 i - 3 potions of brilliance {unknown}
 j - 2 potions of flight {unknown}
 n - 2 potions of mutation {unknown}


   Skills:
 + Level 6.4 Fighting
 + Level 6.7 Dodging
 + Level 7.0 Unarmed Combat
 + Level 7.0 Spellcasting
 + Level 7.6 Transmutations
 - Level 5.0 Ice Magic


You had 16 spell levels left.
You knew the following spells:

 Your Spells              Type           Power      Damage    Failure   Level
a - Ice Form              Ice/Tmut       32%        N/A       7%          4
b - Wereblood             Tmut           37%        N/A       1%          2
c - Beastly Appendage     Tmut           74%        N/A       1%          1

Your spell library contained the following spells:

 Spells                   Type           Power      Damage    Failure   Level
 Ensorcelled Hibernation  Hex/Ice        34%        N/A       4%          2
 Spider Form              Tmut/Pois      22%        N/A       6%          3
 Sublimation of Blood     Necr           7%         N/A       14%         2
 Anguish                  Hex/Necr       3%         N/A       67%         4
 Summon Hydra             Summ           3%         N/A       100%        7


Dungeon Overview and Level Annotations

Branches:
Dungeon (9/15)             Temple (1/1) D:5             Orc (0/2) D:9
   Lair: D:8-11

Altars:
Dithmenos
Elyvilon
Gozag
Kikubaaqudgha
Makhleb
Okawaru
Ru
Trog
Uskayaw
Vehumet
Zin
The Shining One

Shops:
D:1 [   D:9 ?


Innate Abilities, Weirdness & Mutations

You are a creature of crystalline ice.
You have a powerful freezing melee attack.
Your maximum health is increased.
Your armour is entirely melded.
You are incapable of wielding weapons or throwing items.
You cannot wear most types of armour.
You are amphibious.
You can wear up to eight rings at the same time.
((Your skin changes colour to match your surroundings (Stealth+).))
((Your rubbery body absorbs attacks. (AC +1, EV +1)))
((You are camouflaged when in or above water. (Stealth+)))
((You have tentacles for arms and can constrict up to eight enemies at once.))


Message History

You feel sick. The killer bee misses you.
You barely miss the killer bee.
You feel sick.
The killer bee is distracted by your dazzling golden aura.
The killer bee stings you.
* * * LOW HITPOINT WARNING * * *
The killer bee closely misses you.
The killer bee buzzes angrily.
You punch the killer bee! You freeze the killer bee.
The killer bee is no longer distracted by gold.
The killer bee is almost dead.
You feel sick. The killer bee barely misses you. The killer bee stings you.
* * * LOW HITPOINT WARNING * * *
You are more poisoned.
The killer bee poisons you!
The killer bee stings you but does no damage.
The killer bee barely misses you.
You feel very mighty all of a sudden.
You feel very sick.
The killer bee stings you but does no damage.
The killer bee stings you!
* * * LOW HITPOINT WARNING * * *
The killer bee closely misses you. x2
You pummel the killer bee!! You freeze the killer bee.
You feel a bit better.
You kill the killer bee!
You feel sick. The killer bee barely misses you. The killer bee stings you.
* * * LOW HITPOINT WARNING * * *
You are more poisoned.
The killer bee poisons you!
You pummel the killer bee!! You freeze the killer bee.
You feel a bit better.
You kill the killer bee!
* * * LOW HITPOINT WARNING * * *
You feel very sick.
There is a lethal amount of poison in your body!
It was a potion of magic.
Magic courses through your body.
* * * LOW HITPOINT WARNING * * *
You feel very sick.
It was a potion of attraction.
You feel attractive to monsters.
You die...
Your body crumbles into a pile of gold.

#...#....#..... ....
#..##..##.∩.###### ....
#..##..##...##..## .....
#...#..###'###..#. .....
#...#...#.......#.
......#...#...#.......#.
......#..##..#######..##
......$$.##..##.####..##
#Y.##.............
##..##............<
+..................
#.(................
#..................
##..###############
#####..##.(##.##..####
#.................#...
#.................#...


There were no monsters in sight!

Vanquished Creatures
  A kobold demonologist (D:7)
  A troll (D:9)
  A hornet (D:9)
  Grinder (D:5)
  A wyvern (D:7)
  Sigmund (D:3)
  2 wraiths
  4 yaks
  A basilisk (D:7)
  2 water moccasins
  Duvessa (D:5)
  3 sky beasts
  5 orc warriors
  2 ice beasts
  3 ogres
  2 black bears
  A centaur (D:8)
  A kobold brigand (D:7)
  2 bullfrogs
  7 scorpions
  Dowan (D:5)
  7 killer bees (D:9)
  2 howler monkeys
  2 hounds
  3 jellies
  A gnoll bouda (D:6)
  5 orc priests
  3 iguanas
  8 orc wizards
  12 adders
  16 gnolls
  A shadow imp (D:7)
  5 white imps
  5 ufetubi
  2 worms
  2 dart slugs
  27 orcs
  6 endoplasms
  A giant cockroach (D:4)
  4 goblins
  10 hobgoblins
  9 jackals
  3 quokkas
  4 ball pythons
  11 bats
  2 frilled lizards (D:3)
  11 kobolds
  4 rats
209 creatures vanquished.

Vanquished Creatures (others)
  An orc wizard (D:8)
  16 fungi (D:5)
17 creatures vanquished.

Grand Total: 226 creatures vanquished

Notes
Turn   | Place    | Note
-------+----------+-------------------------------------------
     0 | D:1      | wormed the Octopode Transmuter began the quest for the Orb.
     0 | D:1      | Reached XP level 1. HP: 13/13 MP: 3/3
   134 | D:1      | Found Goetter's Antique Armour Boutique.
   156 | D:1      | Reached XP level 2. HP: 18/18 MP: 3/5
   204 | D:1      | Reached skill level 1 in Ice Magic
   448 | D:1      | Learned a level 2 spell: Wereblood
   464 | D:2      | Reached XP level 3. HP: 21/23 MP: 2/6
   589 | D:2      | HP: 1/23 [jackal (2)]
   694 | D:2      | Reached XP level 4. HP: 21/28 MP: 4/8
   701 | D:2      | Learned a level 4 spell: Ice Form
   725 | D:2      | Found a faded altar of an unknown god.
  1463 | D:3      | Reached XP level 5. HP: 33/33 MP: 3/9
  1521 | D:3      | Noticed Sigmund
  1638 | D:3      | Killed Sigmund
  1639 | D:3      | Reached XP level 6. HP: 38/38 MP: 2/11
  2628 | D:4      | Reached XP level 7. HP: 43/43 MP: 11/13
  3410 | D:5      | Entered Level 5 of the Dungeon
  3410 | D:5      | Noticed Grinder
  3489 | D:5      | Paralysed by Grinder for 5 turns
  3496 | D:5      | Killed Grinder
  3804 | D:5      | Reached XP level 8. HP: 51/51 MP: 9/14
  3916 | D:5      | Reached skill level 5 in Transmutations
  3983 | D:5      | Found the +11 Singing Sword {sonic wave}
  4015 | D:5      | Noticed Duvessa
  4024 | D:5      | Noticed Dowan
  4028 | D:5      | Killed Dowan
  4030 | D:5      | Killed Duvessa
  4401 | D:5      | Found a staircase to the Ecumenical Temple.
  4412 | Temple   | Entered the Ecumenical Temple
  4582 | Temple   | Became a worshipper of Gozag Ym Sagoz the Greedy
  4747 | D:5      | Reached skill level 5 in Spellcasting
  4871 | D:5      | Found an iron altar of Okawaru.
  5180 | D:6      | Reached skill level 5 in Ice Magic
  5180 | D:6      | Reached XP level 9. HP: 55/57 MP: 12/16
  5293 | D:6      | Reached skill level 5 in Unarmed Combat
  6542 | D:7      | Reached skill level 5 in Dodging
  7139 | D:7      | Reached skill level 5 in Fighting
  7199 | D:7      | Noticed a kobold demonologist
  7278 | D:7      | Reached XP level 10. HP: 63/66 MP: 13/19
  7323 | D:7      | Killed a kobold demonologist
  8503 | D:9      | Found a staircase to the Orcish Mines.
  8506 | D:9      | HP: 3/81 [something (5)]
  8892 | D:9      | HP: 4/82 [killer bee (6)]
  8895 | D:9      | Succumbed to a killer bee's poison

Illustrated notes

Levels and vault maps discovered:
D:1:      lightli_arrival_quake, layout_rooms, serial_shops, nicolae_square_shop
D:2:      layout_rooms, basic_ecumenical_altar, minmay_3d_cube
D:3:      layout_basic, kennysheep_cross_bottleneck, minmay_misc_feat_tower,
          uniq_sigmund
D:4:      layout_cave_pools
D:5:      old_forge, layout_basic, okawaru_altar_gauntlet_db,
          minmay_temple_entry_glass, grunt_ministairs_6, uniq_grinder,
          uniq_duvessa
D:6:      dreamdust_elfheim, layout_loops_ring, minmay_microvault
D:7:      layout_gridville, minmay_manual_macuahuitl
D:8:      cheibrodos_helix_gallery, layout_cave_pools, amcnicky_altar_gilded,
          serial_shops, nicolae_shop_bloodbath_and_beyond
D:9:      layout_gridville, orc_0_dummy, minivault_15, nicolae_shop_gadgets
Temple:   jpeg_temple_clearing

Skill      XL: |  1  2  3  4  5  6  7  8  9 10 |
---------------+-------------------------------+-----
Ice Magic      | 1 2 3 4 5 |  5.0
Transmutations | 3 4 5 6 7 |  7.6
Spellcasting   | 3 4 5 6 7 |  7.0
Fighting       | 2 3 5 6 |  6.4
Dodging        | 3 4 5 6 |  6.7
Unarmed Combat | 4 6 7 |  7.0

Action                   |  1- 3 |  4- 6 |  7- 9 | 10-12 || total
-------------------------+-------+-------+-------+-------++-------
Melee: Unarmed           |    69 |    77 |   286 |   111 ||   543
       Kick              |    18 |    26 |       |       ||    44
       Constrict         |    19 |    22 |     5 |       ||    46
       Tentacles         |    15 |    14 |     3 |       ||    32
       Punch             |     2 |       |       |       ||     2
 Cast: Beastly Appendage |    10 |    19 |       |       ||    29
       Wereblood         |     3 |    16 |    28 |     9 ||    56
       Ice Form          |       |     1 |    42 |    14 ||    57
Invok: Call Merchant     |       |       |       |     1 ||     1
Evoke: Wand              |       |       |       |     2 ||     2
  Use: Scroll            |     3 |     3 |     4 |     1 ||    11
       Potion            |     1 |     3 |     1 |    11 ||    16
 Stab: Sleeping          |     1 |     2 |       |       ||     3
       Invisible         |       |       |       |     2 ||     2
       Distracted        |       |       |       |     1 ||     1
Armor: Skin              |     6 |    12 |    75 |    48 ||   141
Dodge: Dodged            |    73 |    41 |   134 |    89 ||   337

Table legend: (Time is in decaauts)
 A = Elapsed time spent in this place.
 B = Non-inter-level travel time spent in this place.
 C = Inter-level travel time spent in this place.
 D = Time resting spent in this place.
 E = Time spent auto-exploring this place.
 F = Levels seen in this place.
 G = Mean time per level.
                   A        B        C        D        E       F      G
               +--------+--------+--------+--------+--------+-----+--------+
         Total |   8859 |   8574 |    285 |      0 |   7022 |  10 |  885.9 |
       Dungeon |   8673 |   8434 |    239 |      0 |   6896 |   9 |  963.7 |
        Temple |    186 |    140 |     46 |      0 |    126 |   1 |  186.0 |
               +--------+--------+--------+--------+--------+-----+--------+

Top non-repeatable levels by time:
     D:7: 1785 daAuts
     D:5: 1483 daAuts
     D:3: 1329 daAuts
     D:6: 1315 daAuts
     D:4: 878 daAuts
     D:2: 803 daAuts
     D:1: 453 daAuts
     D:9: 388 daAuts
     D:8: 236 daAuts
  Temple: 186 daAuts
